[ AOE2 MATCH · #458983162 ]
UnrankedItalians vs Persians
[ REPLAY ANALYSIS · EXTRACTED FROM THE RECORDED GAME ]
Feudal
13:06
Castle
16:43
Imperial
37:24
| APM avg | 24.9 |
| APM peak | 63 |
| eAPM avg | 15.3 |
| Villagers / military | 124 / 45 |
Focus
⚔️ 24.6% · 🌾 75.4%
Genoese Crossbowman ×34 · Unknown (882) ×25 · Mangonel ×8 · Fishing Ship ×7 · Scorpion ×3
Feudal
13:29
Castle
17:42
Imperial
—
| APM avg | 46.4 |
| APM peak | 100 |
| eAPM avg | 24.5 |
| Villagers / military | 107 / 33 |
Focus
⚔️ 24.4% · 🌾 75.6%
Coustillier ×29 · Fishing Ship ×8 · Mangonel ×4
Feudal
13:13
Castle
16:44
Imperial
30:52
| APM avg | 26.3 |
| APM peak | 42 |
| eAPM avg | 17.9 |
| Villagers / military | 78 / 39 |
Focus
⚔️ 28.8% · 🌾 71.2%
War Wagon ×36 · Fishing Ship ×13 · Trebuchet (Packed) ×3
Feudal
12:38
Castle
16:25
Imperial
35:51
| APM avg | 34.4 |
| APM peak | 59 |
| eAPM avg | 21.5 |
| Villagers / military | 150 / 77 |
Focus
⚔️ 38.5% · 🌾 61.5%
Knight ×69 · Fishing Ship ×11 · Scout Cavalry ×4 · Monk ×2 · Demolition Raft ×2
Feudal
13:03
Castle
16:38
Imperial
34:38
| APM avg | 27.9 |
| APM peak | 56 |
| eAPM avg | 15.1 |
| Villagers / military | 112 / 14 |
Focus
⚔️ 18.2% · 🌾 81.8%
Spearman ×7 · Fishing Ship ×7 · Mangonel ×5 · Trebuchet (Packed) ×2
Feudal
13:55
Castle
18:18
Imperial
30:37
| APM avg | 32.0 |
| APM peak | 71 |
| eAPM avg | 20.9 |
| Villagers / military | 94 / 8 |
Focus
⚔️ 31.6% · 🌾 68.4%
Unknown (1911) ×43 · Fishing Ship ×6 · Battering Ram ×5 · Monk ×2 · Iron Pagoda ×1
Feudal
—
Castle
—
Imperial
—
| APM avg | 2377.1 |
| APM peak | 13541 |
| eAPM avg | 2376.1 |
| Villagers / military | 0 / 158 |
Focus
⚔️ 93.6% · 🌾 6.4%
Skirmisher ×140 · Camel Scout ×7 · Scout Cavalry ×5 · Monk ×2 · Knight ×2 · Galley ×1
Feudal
—
Castle
—
Imperial
—
| APM avg | 3313.8 |
| APM peak | 12819 |
| eAPM avg | 3313.0 |
| Villagers / military | 0 / 100 |
Focus
⚔️ 93.2% · 🌾 6.8%
Spearman ×44 · Mangudai ×21 · Monk ×9 · Scout Cavalry ×8 · Galley ×7 · Battering Ram ×6
Match map
Initial resources + every placement click. Lines = walls · curves = elevation contours. ◆ gold · ⬟ stone · ● berries · ✦ relic · ◌ wall gap
Your base· Open — 7t gap
kumo's base· Open — 6t gap
Residual's base· Open — 8t gap
xYourY's base· Open — unwalled flank
Kay UwU's base· Open — 11t gap
A5reiko's base· Open — 5t gap
's base· Open — 3t gap
's base· Open — 4t gap
Smoothed initial terrain · ◌ = detected wall gap · hover for details
Inputs per minute
— The Apple - - kumo
Build order — The Apple
First 150 of 291 actions detected
| 0:19 | Build | Town Center |
| 0:53 | Build | Dock |
| 0:54 | Build | House |
| 2:38 | Create | Villager (Male) |
| 2:38 | Create | Villager (Male) |
| 2:38 | Create | Villager (Male) |
| 2:39 | Create | Villager (Male) |
| 2:39 | Create | Villager (Male) |
| 2:39 | Create | Villager (Male) |
| 3:49 | Create | Fishing Ship |
| 4:19 | Create | Villager (Male) |
| 4:19 | Create | Villager (Male) |
| 4:35 | Build | House |
| 4:52 | Create | Villager (Male) |
| 4:52 | Create | Villager (Male) |
| 5:15 | Create | Villager (Male) |
| 5:16 | Create | Villager (Male) |
| 5:29 | Create | Fishing Ship |
| 5:43 | Create | Villager (Male) |
| 5:44 | Create | Villager (Male) |
| 5:47 | Build | House |
| 6:13 | Create | Villager (Male) |
| 6:13 | Create | Villager (Male) |
| 6:19 | Create | Fishing Ship |
| 6:43 | Create | Villager (Male) |
| 6:44 | Create | Villager (Male) |
| 6:44 | Create | Villager (Male) |
| 6:49 | Build | House |
| 6:55 | Build | House |
| 7:08 | Create | Villager (Male) |
| 7:09 | Create | Villager (Male) |
| 7:09 | Create | Villager (Male) |
| 7:31 | Create | Villager (Male) |
| 7:31 | Create | Villager (Male) |
| 7:32 | Create | Villager (Male) |
| 7:33 | Create | Fishing Ship |
| 7:56 | Create | Villager (Male) |
| 8:21 | Create | Villager (Male) |
| 8:22 | Create | Fishing Ship |
| 8:57 | Create | Villager (Male) |
| 8:57 | Create | Fishing Ship |
| 9:16 | Create | Villager (Male) |
| 9:30 | Build | Mill |
| 10:01 | Create | Villager (Male) |
| 10:02 | Create | Villager (Male) |
| 10:11 | Create | Fishing Ship |
| 10:56 | Research | Feudal Age |
| 10:56 | Research | Feudal Age |
| 10:56 | Research | Feudal Age |
| 12:03 | Build | House |
| 12:56 | Create | Villager (Male) |
| 12:56 | Create | Villager (Male) |
| 13:06 | Age | Feudal Age |
| 13:11 | Build | Market |
| 13:14 | Build | Blacksmith |
| 13:24 | Build | Mining Camp |
| 14:03 | Research | Castle Age |
| 14:03 | Research | Castle Age |
| 14:04 | Research | Castle Age |
| 14:34 | Build | Palisade Wall |
| 15:41 | Create | Villager (Male) |
| 15:41 | Create | Villager (Male) |
| 15:55 | Build | House |
| 15:56 | Build | House |
| 16:11 | Build | Lumber Camp |
| 16:26 | Research | Loom |
| 16:43 | Age | Castle Age |
| 16:57 | Build | Castle |
| 17:13 | Create | Villager (Male) |
| 17:48 | Create | Villager (Male) |
| 17:57 | Research | Double-Bit Axe |
| 17:58 | Research | Horse Collar |
| 18:00 | Create | Villager (Male) |
| 18:38 | Research | Bow Saw |
| 18:40 | Create | Villager (Male) |
| 18:48 | Create | Genoese Crossbowman |
| 18:48 | Create | Genoese Crossbowman |
| 18:55 | Research | Fletching |
| 19:08 | Create | Genoese Crossbowman |
| 19:09 | Create | Villager (Male) |
| 19:18 | Create | Villager (Male) |
| 19:19 | Create | Genoese Crossbowman |
| 19:39 | Create | Genoese Crossbowman |
| 19:48 | Create | Genoese Crossbowman |
| 19:49 | Create | Villager (Male) |
| 20:11 | Create | Villager (Male) |
| 20:12 | Create | Villager (Male) |
| 20:15 | Create | Genoese Crossbowman ×5 |
| 20:15 | Create | Genoese Crossbowman |
| 20:22 | Research | Bodkin Arrow |
| 20:24 | Research | Padded Archer Armor |
| 20:26 | Create | Villager (Male) |
| 20:28 | Create | Genoese Crossbowman |
| 20:49 | Create | Villager (Male) |
| 20:51 | Create | Villager (Male) |
| 20:56 | Create | Villager (Male) |
| 20:57 | Create | Genoese Crossbowman |
| 21:22 | Build | Town Center |
| 21:24 | Create | Villager (Male) |
| 21:25 | Create | Genoese Crossbowman |
| 21:26 | Create | Villager (Male) |
| 21:32 | Create | Villager (Male) |
| 22:00 | Create | Genoese Crossbowman |
| 22:11 | Build | Farm |
| 22:11 | Build | Farm |
| 22:11 | Build | Farm |
| 22:11 | Build | Farm |
| 22:11 | Build | Farm |
| 22:12 | Build | Farm |
| 22:12 | Build | Farm |
| 22:12 | Build | Farm |
| 22:19 | Create | Villager (Male) |
| 22:19 | Create | Villager (Male) |
| 22:22 | Create | Genoese Crossbowman |
| 22:23 | Create | Villager (Male) |
| 22:47 | Create | Genoese Crossbowman ×2 |
| 23:19 | Create | Genoese Crossbowman |
| 23:19 | Create | Genoese Crossbowman |
| 23:34 | Create | Genoese Crossbowman |
| 23:35 | Create | Villager (Male) |
| 23:44 | Create | Villager (Male) |
| 23:45 | Create | Genoese Crossbowman |
| 24:00 | Create | Villager (Male) |
| 24:12 | Create | Genoese Crossbowman |
| 24:13 | Create | Villager (Male) |
| 24:32 | Build | House |
| 24:33 | Build | House |
| 24:34 | Build | House |
| 24:34 | Build | House |
| 24:34 | Build | House |
| 25:01 | Build | Siege Workshop |
| 25:25 | Create | Villager (Male) |
| 25:26 | Create | Genoese Crossbowman |
| 25:26 | Create | Villager (Male) |
| 25:34 | Create | Villager (Male) |
| 25:35 | Create | Genoese Crossbowman |
| 25:35 | Create | Villager (Male) |
| 25:56 | Create | Villager (Male) |
| 25:57 | Create | Genoese Crossbowman |
| 26:03 | Create | Villager (Male) |
| 26:04 | Create | Genoese Crossbowman |
| 26:05 | Create | Villager (Male) |
| 26:22 | Create | Villager (Male) |
| 26:24 | Research | Wheelbarrow |
| 26:26 | Create | Villager (Male) |
| 26:27 | Research | Heavy Plow |
| 26:35 | Build | Town Center |
| 26:38 | Create | Villager (Male) |
| 26:38 | Create | Villager (Male) |
| 26:54 | Research | Leather Archer Armor |
Build order — kumo
First 150 of 268 actions detected
| 0:05 | Build | Town Center |
| 2:15 | Build | House |
| 2:26 | Build | Dock |
| 2:32 | Create | Villager (Male) |
| 2:32 | Create | Villager (Male) |
| 2:33 | Create | Villager (Male) |
| 2:33 | Create | Villager (Male) |
| 3:42 | Create | Fishing Ship |
| 3:57 | Research | Loom |
| 4:19 | Create | Villager (Male) |
| 4:49 | Create | Villager (Male) |
| 5:04 | Create | Villager (Male) |
| 5:16 | Build | House |
| 5:23 | Create | Villager (Male) |
| 5:44 | Create | Villager (Male) |
| 5:58 | Create | Fishing Ship |
| 5:58 | Create | Fishing Ship |
| 6:42 | Build | House |
| 6:43 | Create | Villager (Male) |
| 6:52 | Create | Villager (Male) |
| 6:52 | Create | Villager (Male) |
| 7:28 | Create | Villager (Male) |
| 7:32 | Build | House |
| 7:33 | Build | Palisade Wall |
| 7:36 | Build | Palisade Wall |
| 7:38 | Create | Fishing Ship |
| 7:58 | Create | Villager (Male) |
| 8:02 | Create | Fishing Ship |
| 8:02 | Create | Fishing Ship |
| 8:25 | Build | House |
| 8:46 | Create | Villager (Male) |
| 8:51 | Create | Fishing Ship |
| 8:51 | Create | Fishing Ship |
| 9:11 | Build | House |
| 9:14 | Build | Palisade Wall |
| 9:15 | Build | Palisade Wall |
| 9:19 | Create | Villager (Male) |
| 9:26 | Create | Villager (Male) |
| 9:26 | Create | Villager (Male) |
| 9:34 | Build | Mill |
| 9:43 | Create | Villager (Male) |
| 10:39 | Build | Mining Camp |
| 11:19 | Research | Feudal Age |
| 11:58 | Build | Palisade Wall |
| 11:58 | Build | Palisade Wall |
| 12:10 | Build | Palisade Wall |
| 12:11 | Build | Palisade Wall |
| 12:33 | Build | Mining Camp |
| 13:29 | Age | Feudal Age |
| 13:34 | Create | Villager (Male) |
| 13:43 | Build | Market |
| 13:48 | Build | Blacksmith |
| 13:56 | Create | Villager (Male) |
| 15:02 | Research | Castle Age |
| 15:02 | Research | Castle Age |
| 15:47 | Build | Lumber Camp |
| 16:06 | Research | Double-Bit Axe |
| 16:07 | Research | Double-Bit Axe |
| 16:08 | Create | Villager (Male) |
| 16:26 | Create | Villager (Male) |
| 16:51 | Build | Mining Camp |
| 17:19 | Research | Bow Saw |
| 17:20 | Create | Villager (Male) |
| 17:26 | Create | Villager (Male) |
| 17:37 | Build | House |
| 17:40 | Create | Villager (Male) |
| 17:42 | Age | Castle Age |
| 17:53 | Build | Castle |
| 18:06 | Create | Villager (Male) |
| 18:11 | Research | Fletching |
| 18:19 | Create | Villager (Male) |
| 18:27 | Research | Gold Mining |
| 18:53 | Create | Villager (Male) |
| 19:07 | Create | Coustillier |
| 19:07 | Create | Coustillier |
| 19:07 | Create | Coustillier |
| 19:08 | Create | Villager (Male) |
| 19:11 | Create | Villager (Male) |
| 19:28 | Build | Dock |
| 19:46 | Create | Villager (Male) |
| 19:56 | Create | Coustillier |
| 20:11 | Build | Siege Workshop |
| 20:32 | Create | Villager (Male) |
| 20:33 | Create | Villager (Male) |
| 20:44 | Create | Villager (Male) |
| 20:47 | Create | Mangonel |
| 20:48 | Create | Mangonel |
| 20:53 | Create | Villager (Male) |
| 21:20 | Create | Coustillier |
| 21:50 | Create | Villager (Male) |
| 22:05 | Create | Villager (Male) |
| 22:10 | Build | University |
| 22:16 | Create | Villager (Male) |
| 22:19 | Create | Mangonel |
| 22:57 | Create | Villager (Male) |
| 22:59 | Create | Villager (Male) |
| 23:30 | Create | Villager (Male) |
| 23:37 | Create | Villager (Male) |
| 23:39 | Create | Villager (Male) |
| 24:13 | Create | Villager (Male) |
| 24:22 | Research | Bodkin Arrow |
| 24:34 | Build | Town Center |
| 24:56 | Build | Farm |
| 24:57 | Build | Farm |
| 24:59 | Research | Horse Collar |
| 25:00 | Create | Villager (Male) |
| 25:11 | Build | Lumber Camp |
| 25:23 | Create | Villager (Male) |
| 25:25 | Create | Villager (Male) |
| 25:30 | Create | Villager (Male) |
| 25:39 | Create | Villager (Male) |
| 25:50 | Create | Villager (Male) |
| 25:58 | Create | Villager (Male) |
| 26:04 | Create | Villager (Male) |
| 26:16 | Create | Villager (Male) |
| 26:21 | Build | Farm |
| 26:23 | Build | Farm |
| 26:24 | Build | Farm |
| 26:33 | Create | Villager (Male) |
| 26:38 | Create | Villager (Male) |
| 26:44 | Build | Mining Camp |
| 26:46 | Create | Villager (Male) |
| 27:18 | Create | Villager (Male) |
| 27:29 | Create | Villager (Male) |
| 27:37 | Research | Scale Barding Armor |
| 27:37 | Create | Villager (Male) |
| 27:47 | Create | Coustillier |
| 27:48 | Create | Coustillier |
| 27:51 | Create | Coustillier |
| 27:53 | Create | Mangonel |
| 27:54 | Create | Villager (Male) |
| 28:00 | Build | Farm |
| 28:00 | Create | Villager (Male) |
| 28:07 | Build | Farm |
| 28:08 | Build | Farm |
| 28:08 | Build | Farm |
| 28:08 | Build | Farm |
| 28:08 | Build | Farm |
| 28:09 | Build | Farm |
| 28:09 | Build | Farm |
| 28:09 | Build | Farm |
| 28:11 | Create | Villager (Male) |
| 28:11 | Create | Villager (Male) |
| 28:22 | Create | Coustillier |
| 28:22 | Create | Coustillier |
| 28:29 | Create | Villager (Male) |
| 29:05 | Create | Villager (Male) |
| 29:19 | Create | Coustillier |
| 29:19 | Create | Coustillier |
| 29:23 | Build | House |
Build order — Residual
First 150 of 260 actions detected
| 0:06 | Build | Town Center |
| 0:17 | Build | House |
| 1:42 | Build | Dock |
| 2:33 | Create | Villager (Male) |
| 2:34 | Create | Villager (Male) |
| 2:34 | Create | Villager (Male) |
| 2:34 | Create | Villager (Male) |
| 3:45 | Create | Fishing Ship |
| 4:10 | Create | Villager (Male) |
| 4:21 | Build | House |
| 4:39 | Research | Loom |
| 5:03 | Create | Villager (Male) |
| 5:13 | Create | Fishing Ship |
| 5:26 | Create | Villager (Male) |
| 5:43 | Build | House |
| 5:52 | Create | Villager (Male) |
| 6:07 | Create | Fishing Ship |
| 6:21 | Create | Villager (Male) |
| 6:45 | Create | Villager (Male) |
| 6:57 | Create | Fishing Ship |
| 7:10 | Create | Villager (Male) |
| 7:10 | Create | Villager (Male) |
| 7:15 | Build | House |
| 7:36 | Create | Villager (Male) |
| 7:36 | Create | Villager (Male) |
| 7:38 | Create | Fishing Ship |
| 7:54 | Create | Villager (Male) |
| 8:04 | Create | Fishing Ship |
| 8:23 | Create | Villager (Male) |
| 8:39 | Create | Villager (Male) |
| 8:46 | Build | House |
| 8:54 | Create | Fishing Ship |
| 8:55 | Create | Villager (Male) |
| 9:17 | Create | Villager (Male) |
| 9:24 | Build | Mill |
| 9:39 | Create | Fishing Ship |
| 9:46 | Create | Villager (Male) |
| 10:27 | Build | Mining Camp |
| 10:31 | Create | Villager (Male) |
| 10:40 | Create | Fishing Ship |
| 10:48 | Build | House |
| 11:03 | Research | Feudal Age |
| 11:27 | Build | House |
| 11:29 | Create | Fishing Ship |
| 12:12 | Create | Fishing Ship |
| 12:27 | Create | Villager (Male) |
| 12:28 | Create | Villager (Male) |
| 13:13 | Age | Feudal Age |
| 13:15 | Build | Market |
| 13:19 | Build | Blacksmith |
| 13:59 | Build | Mining Camp |
| 14:03 | Research | Castle Age |
| 14:50 | Research | Fletching |
| 14:50 | Research | Fletching |
| 15:19 | Build | Dock |
| 15:48 | Create | Villager (Male) |
| 15:56 | Build | Lumber Camp |
| 16:39 | Research | Double-Bit Axe |
| 16:44 | Age | Castle Age |
| 16:48 | Build | Castle |
| 16:52 | Research | Bodkin Arrow |
| 16:52 | Research | Bodkin Arrow |
| 17:06 | Create | Villager (Male) |
| 17:36 | Create | Fishing Ship |
| 17:38 | Create | Fishing Ship |
| 17:42 | Create | Villager (Male) |
| 18:06 | Create | Villager (Male) |
| 18:13 | Build | Farm |
| 18:15 | Build | Farm |
| 18:17 | Research | Horse Collar |
| 18:26 | Build | Farm |
| 18:30 | Build | Farm |
| 18:37 | Create | Villager (Male) |
| 18:40 | Build | Farm |
| 18:45 | Build | Farm |
| 18:48 | Build | Farm |
| 18:56 | Create | Villager (Male) |
| 19:09 | Research | Town Watch |
| 19:17 | Create | War Wagon |
| 19:29 | Create | Villager (Male) |
| 19:45 | Create | War Wagon |
| 19:56 | Create | Villager (Male) |
| 20:21 | Create | War Wagon |
| 20:36 | Create | Villager (Male) |
| 20:52 | Create | Villager (Male) |
| 21:11 | Create | War Wagon |
| 21:14 | Research | Wheelbarrow |
| 21:21 | Create | War Wagon |
| 21:38 | Create | War Wagon |
| 21:39 | Create | Villager (Male) |
| 22:16 | Create | War Wagon |
| 22:27 | Create | Villager (Male) |
| 22:33 | Build | Town Center |
| 23:07 | Build | Dock |
| 23:16 | Create | Villager (Male) |
| 23:17 | Create | War Wagon |
| 23:41 | Create | War Wagon |
| 23:42 | Create | Villager (Male) |
| 23:59 | Create | War Wagon |
| 24:19 | Create | War Wagon |
| 24:29 | Create | Villager (Male) |
| 24:29 | Create | Villager (Male) |
| 24:33 | Research | Gold Mining |
| 24:41 | Build | Mining Camp |
| 24:44 | Create | Villager (Male) |
| 24:44 | Create | Villager (Male) |
| 25:01 | Create | War Wagon |
| 25:08 | Build | House |
| 25:09 | Build | House |
| 25:09 | Build | House |
| 25:10 | Build | House |
| 25:17 | Create | Villager (Male) |
| 25:17 | Create | Villager (Male) |
| 25:18 | Create | War Wagon |
| 25:35 | Create | Villager (Male) |
| 25:35 | Create | Villager (Male) |
| 26:09 | Build | Barracks |
| 26:11 | Create | Villager (Male) |
| 26:11 | Create | Villager (Male) |
| 26:22 | Create | War Wagon |
| 26:25 | Build | House |
| 26:27 | Build | House |
| 26:27 | Build | House |
| 26:28 | Build | House |
| 26:29 | Build | House |
| 26:35 | Research | Stone Mining |
| 26:52 | Create | War Wagon |
| 27:00 | Create | Villager (Male) |
| 27:02 | Create | War Wagon |
| 27:05 | Build | Archery Range |
| 27:15 | Create | Villager (Male) |
| 27:25 | Create | War Wagon |
| 27:34 | Create | Villager (Male) |
| 27:42 | Research | Imperial Age |
| 27:43 | Research | Imperial Age |
| 28:07 | Create | Villager (Male) |
| 28:40 | Create | Villager (Male) |
| 28:40 | Create | Villager (Male) |
| 28:44 | Build | Town Center |
| 28:55 | Build | Castle |
| 29:00 | Build | Lumber Camp |
| 29:03 | Build | Lumber Camp |
| 29:13 | Create | Villager (Male) |
| 29:13 | Create | Villager (Male) |
| 29:14 | Create | Villager (Male) |
| 29:34 | Create | Villager (Male) |
| 29:34 | Create | Villager (Male) |
| 29:36 | Create | War Wagon |
| 29:39 | Build | House |
| 29:40 | Build | House |
Build order — xYourY
First 150 of 364 actions detected
| 0:33 | Build | Town Center |
| 0:40 | Build | Dock |
| 1:16 | Build | House |
| 2:48 | Create | Villager (Male) ×4 |
| 3:56 | Create | Fishing Ship |
| 4:00 | Create | Villager (Male) |
| 4:24 | Build | House |
| 4:49 | Create | Villager (Male) |
| 5:11 | Create | Villager (Male) |
| 5:36 | Create | Villager (Male) |
| 5:39 | Build | House |
| 6:09 | Create | Villager (Male) |
| 6:11 | Create | Fishing Ship |
| 6:34 | Create | Villager (Male) |
| 6:44 | Research | Loom |
| 6:46 | Create | Villager (Male) |
| 6:56 | Create | Fishing Ship |
| 6:59 | Create | Villager (Male) |
| 7:01 | Build | House |
| 7:12 | Create | Villager (Male) |
| 7:19 | Build | House |
| 7:35 | Create | Fishing Ship |
| 7:53 | Build | House |
| 8:05 | Create | Villager (Male) |
| 8:08 | Build | House |
| 8:22 | Create | Fishing Ship |
| 8:50 | Create | Villager (Male) |
| 9:07 | Create | Fishing Ship |
| 9:20 | Create | Villager (Male) |
| 9:29 | Build | House |
| 9:55 | Build | House |
| 10:03 | Create | Villager (Male) |
| 10:11 | Build | Barracks |
| 10:21 | Research | Feudal Age |
| 10:39 | Build | House |
| 11:01 | Build | House |
| 11:48 | Create | Villager (Male) |
| 12:00 | Build | Mining Camp |
| 12:10 | Build | Mining Camp |
| 12:37 | Create | Villager (Male) |
| 12:38 | Age | Feudal Age |
| 12:54 | Build | Stable |
| 13:25 | Build | Lumber Camp |
| 13:45 | Research | Castle Age |
| 13:45 | Research | Castle Age |
| 14:14 | Research | Double-Bit Axe |
| 14:15 | Create | Scout Cavalry |
| 14:16 | Create | Scout Cavalry |
| 14:51 | Build | Mill |
| 15:05 | Create | Villager (Male) |
| 15:21 | Create | Scout Cavalry |
| 15:42 | Create | Villager (Male) |
| 16:25 | Age | Castle Age |
| 16:29 | Create | Knight |
| 16:30 | Research | Husbandry |
| 16:31 | Create | Villager (Male) |
| 16:34 | Create | Scout Cavalry |
| 16:45 | Build | Blacksmith |
| 16:50 | Build | Town Center |
| 17:19 | Create | Villager (Male) |
| 17:20 | Create | Knight |
| 17:28 | Research | Loom |
| 17:34 | Create | Villager (Male) |
| 17:47 | Build | Monastery |
| 17:51 | Create | Villager (Male) |
| 18:15 | Create | Villager (Male) |
| 18:45 | Create | Villager (Male) |
| 18:48 | Build | House |
| 19:01 | Create | Villager (Male) |
| 19:15 | Create | Monk |
| 19:33 | Build | Dock |
| 19:36 | Create | Demolition Raft |
| 19:41 | Create | Fishing Ship |
| 19:42 | Create | Fishing Ship |
| 19:45 | Create | Villager (Male) |
| 19:49 | Research | Horse Collar |
| 19:54 | Create | Villager (Male) |
| 20:31 | Create | Villager (Male) |
| 20:33 | Create | Villager (Male) |
| 20:39 | Build | Farm |
| 20:40 | Build | Farm |
| 20:40 | Build | Farm |
| 20:40 | Build | Farm |
| 20:50 | Create | Villager (Male) |
| 20:52 | Build | Farm |
| 20:53 | Build | Farm |
| 20:53 | Build | Farm |
| 20:53 | Build | Farm |
| 20:59 | Create | Villager (Male) |
| 21:06 | Create | Villager (Male) |
| 21:13 | Create | Villager (Male) |
| 21:21 | Create | Knight |
| 21:35 | Create | Villager (Male) |
| 21:42 | Create | Villager (Male) |
| 21:44 | Build | Farm |
| 21:45 | Build | Farm |
| 21:49 | Create | Villager (Male) |
| 21:53 | Build | Farm |
| 21:56 | Build | Farm |
| 22:00 | Create | Villager (Male) |
| 22:02 | Build | House |
| 22:03 | Build | House |
| 22:07 | Create | Villager (Male) |
| 22:08 | Build | Farm |
| 22:10 | Build | Farm |
| 22:11 | Build | Farm |
| 22:14 | Create | Villager (Male) |
| 22:15 | Create | Knight |
| 22:15 | Create | Knight |
| 22:16 | Create | Villager (Male) |
| 22:23 | Research | Wheelbarrow |
| 22:24 | Create | Villager (Male) |
| 22:28 | Research | Scale Barding Armor |
| 22:40 | Create | Knight |
| 22:41 | Create | Villager (Male) |
| 22:51 | Create | Villager (Male) |
| 22:54 | Create | Villager (Male) |
| 23:01 | Create | Fishing Ship |
| 23:01 | Create | Fishing Ship |
| 23:22 | Create | Villager (Male) |
| 23:39 | Create | Villager (Male) |
| 23:40 | Create | Knight |
| 23:41 | Create | Knight |
| 23:43 | Research | Forging |
| 23:44 | Create | Villager (Male) |
| 23:47 | Build | Lumber Camp |
| 23:53 | Build | Farm |
| 23:56 | Research | Bow Saw |
| 24:05 | Create | Villager (Male) |
| 24:07 | Build | House |
| 24:10 | Create | Villager (Male) |
| 24:13 | Build | Farm |
| 24:21 | Create | Villager (Male) |
| 24:22 | Create | Knight |
| 24:35 | Build | Stable |
| 24:41 | Create | Villager (Male) |
| 24:42 | Create | Knight |
| 24:44 | Research | Iron Casting |
| 24:45 | Create | Villager (Male) |
| 24:47 | Build | Farm |
| 24:49 | Build | Farm |
| 25:00 | Build | Farm |
| 25:12 | Create | Villager (Male) |
| 25:35 | Create | Knight |
| 25:36 | Research | Bloodlines |
| 25:36 | Create | Villager (Male) |
| 25:38 | Create | Villager (Male) |
| 25:49 | Build | Town Center |
| 25:55 | Create | Villager (Male) |
| 25:56 | Build | House |
Build order — Kay UwU
First 150 of 257 actions detected
| 0:03 | Build | Town Center |
| 0:49 | Build | Dock |
| 0:51 | Build | House |
| 2:28 | Create | Villager (Male) |
| 2:28 | Create | Villager (Male) |
| 2:29 | Create | Villager (Male) |
| 2:29 | Create | Villager (Male) |
| 3:50 | Create | Fishing Ship |
| 4:05 | Create | Villager (Male) |
| 4:07 | Build | House |
| 4:35 | Create | Villager (Male) |
| 4:35 | Create | Villager (Male) |
| 5:01 | Create | Villager (Male) |
| 5:09 | Build | House |
| 5:20 | Create | Villager (Male) |
| 5:44 | Create | Villager (Male) |
| 6:08 | Create | Fishing Ship |
| 6:09 | Create | Villager (Male) |
| 6:25 | Create | Villager (Male) |
| 6:25 | Create | Villager (Male) |
| 6:51 | Create | Fishing Ship |
| 7:00 | Build | House |
| 7:08 | Create | Villager (Male) |
| 7:09 | Create | Villager (Male) |
| 7:39 | Research | Loom |
| 7:40 | Create | Villager (Male) |
| 7:47 | Create | Fishing Ship |
| 8:06 | Create | Fishing Ship |
| 8:06 | Create | Fishing Ship |
| 8:14 | Build | House |
| 8:22 | Create | Villager (Male) |
| 8:38 | Build | House |
| 8:39 | Create | Villager (Male) |
| 8:59 | Create | Villager (Male) |
| 9:02 | Create | Villager (Male) |
| 9:07 | Create | Villager (Male) |
| 9:15 | Build | Mill |
| 9:43 | Build | Mining Camp |
| 10:04 | Create | Fishing Ship |
| 10:40 | Research | Feudal Age |
| 11:58 | Build | House |
| 12:36 | Create | Villager (Male) |
| 13:03 | Age | Feudal Age |
| 13:06 | Build | Market |
| 13:10 | Build | Blacksmith |
| 13:26 | Create | Villager (Male) |
| 13:43 | Build | House |
| 13:55 | Build | Lumber Camp |
| 13:58 | Research | Castle Age |
| 13:58 | Research | Castle Age |
| 14:06 | Build | House |
| 15:07 | Create | Villager (Male) |
| 15:23 | Create | Villager (Male) |
| 15:36 | Build | House |
| 15:37 | Build | House |
| 15:38 | Build | House |
| 15:40 | Build | Palisade Wall |
| 16:24 | Research | Double-Bit Axe |
| 16:38 | Age | Castle Age |
| 16:40 | Build | Siege Workshop |
| 16:42 | Create | Villager (Male) |
| 17:14 | Build | Barracks |
| 17:50 | Build | House |
| 17:58 | Create | Villager (Male) |
| 18:03 | Research | Pikeman (upgrade) |
| 18:03 | Research | Pikeman (upgrade) |
| 18:05 | Create | Villager (Male) |
| 18:20 | Create | Mangonel |
| 18:31 | Create | Villager (Male) |
| 18:43 | Research | Squires |
| 18:50 | Create | Mangonel |
| 18:51 | Create | Villager (Male) |
| 19:32 | Create | Villager (Male) |
| 19:34 | Create | Spearman |
| 19:34 | Create | Spearman |
| 19:34 | Create | Spearman |
| 19:35 | Create | Spearman |
| 19:50 | Create | Villager (Male) |
| 19:54 | Create | Villager (Male) |
| 20:15 | Create | Villager (Male) |
| 20:20 | Build | Town Center |
| 20:44 | Create | Villager (Male) |
| 20:49 | Create | Villager (Male) |
| 21:01 | Create | Villager (Male) |
| 21:16 | Research | Wheelbarrow |
| 21:16 | Research | Town Watch |
| 21:30 | Create | Villager (Male) |
| 21:56 | Research | Horse Collar |
| 22:28 | Create | Mangonel |
| 22:32 | Create | Villager (Male) |
| 23:22 | Create | Mangonel |
| 23:22 | Create | Villager (Male) |
| 23:23 | Create | Villager (Male) |
| 23:34 | Research | Heavy Plow |
| 23:52 | Build | Watch Tower |
| 24:05 | Create | Villager (Male) |
| 24:15 | Create | Villager (Male) |
| 24:21 | Create | Spearman |
| 24:22 | Create | Spearman |
| 24:22 | Create | Spearman |
| 25:03 | Create | Villager (Male) |
| 25:09 | Build | Farm |
| 25:10 | Build | Farm |
| 25:11 | Build | Farm |
| 25:12 | Build | Farm |
| 25:13 | Build | Farm |
| 25:15 | Build | Farm |
| 25:18 | Create | Villager (Male) |
| 25:42 | Create | Villager (Male) |
| 25:45 | Build | Farm |
| 25:47 | Create | Villager (Male) |
| 25:55 | Build | Farm |
| 25:55 | Build | Farm |
| 25:56 | Build | Farm |
| 25:57 | Build | Farm |
| 25:58 | Build | Farm |
| 26:03 | Build | Stone Wall |
| 26:04 | Build | Stone Wall |
| 26:07 | Create | Villager (Male) |
| 26:18 | Create | Villager (Male) |
| 26:22 | Build | Farm |
| 26:22 | Build | Farm |
| 26:24 | Build | Farm |
| 26:27 | Create | Villager (Male) |
| 26:27 | Create | Villager (Male) |
| 26:40 | Build | Town Center |
| 26:42 | Create | Villager (Male) |
| 26:53 | Create | Mangonel |
| 26:57 | Build | Farm |
| 26:58 | Build | Farm |
| 26:59 | Create | Villager (Male) |
| 26:59 | Create | Villager (Male) |
| 27:41 | Create | Villager (Male) |
| 27:46 | Create | Villager (Male) |
| 28:29 | Create | Villager (Male) |
| 28:33 | Build | House |
| 28:33 | Create | Villager (Male) |
| 28:34 | Create | Villager (Male) |
| 28:43 | Build | Farm |
| 28:44 | Build | Farm |
| 28:44 | Create | Villager (Male) |
| 28:52 | Create | Villager (Male) |
| 29:00 | Build | Farm |
| 29:03 | Build | Farm |
| 29:04 | Build | Farm |
| 29:05 | Create | Villager (Male) |
| 29:10 | Build | Farm |
| 29:11 | Build | Farm |
| 29:12 | Build | Farm |
| 29:13 | Build | Farm |
Build order — A5reiko
First 150 of 259 actions detected
| 0:48 | Build | Town Center |
| 2:16 | Build | Dock |
| 2:22 | Build | House |
| 3:18 | Create | Villager (Male) |
| 3:19 | Create | Villager (Male) |
| 3:19 | Create | Villager (Male) |
| 3:19 | Create | Villager (Male) |
| 4:49 | Create | Villager (Male) |
| 4:54 | Create | Fishing Ship |
| 5:20 | Create | Villager (Male) |
| 5:30 | Build | House |
| 5:50 | Research | Loom |
| 5:59 | Create | Villager (Male) |
| 6:31 | Create | Fishing Ship |
| 6:35 | Build | House |
| 6:37 | Create | Villager (Male) |
| 6:37 | Create | Villager (Male) |
| 7:01 | Create | Villager (Male) |
| 7:17 | Create | Fishing Ship |
| 7:18 | Create | Villager (Male) |
| 7:36 | Create | Villager (Male) |
| 8:09 | Create | Villager (Male) |
| 8:23 | Create | Villager (Male) |
| 8:51 | Create | Villager (Male) |
| 9:10 | Create | Villager (Male) |
| 9:40 | Build | House |
| 10:09 | Create | Fishing Ship |
| 10:20 | Build | Mill |
| 10:25 | Create | Villager (Male) |
| 10:28 | Create | Villager (Male) |
| 11:06 | Create | Villager (Male) |
| 11:16 | Create | Fishing Ship |
| 11:20 | Build | House |
| 11:25 | Build | Mining Camp |
| 11:45 | Research | Feudal Age |
| 12:03 | Build | House |
| 12:32 | Create | Villager (Male) |
| 12:33 | Create | Villager (Male) |
| 13:55 | Age | Feudal Age |
| 13:58 | Build | Market |
| 14:01 | Create | Villager (Male) |
| 14:26 | Create | Villager (Male) |
| 14:59 | Build | Blacksmith |
| 15:38 | Research | Castle Age |
| 15:52 | Create | Fishing Ship |
| 15:58 | Research | Tech 906 |
| 16:00 | Create | Villager (Male) |
| 16:26 | Build | Lumber Camp |
| 16:31 | Create | Villager (Male) |
| 17:08 | Research | Double-Bit Axe |
| 17:10 | Research | Horse Collar |
| 18:13 | Build | Barracks |
| 18:17 | Build | House |
| 18:18 | Age | Castle Age |
| 18:24 | Research | Bow Saw |
| 18:25 | Create | Villager (Male) |
| 18:45 | Research | Tech 906 |
| 18:47 | Create | Villager (Male) |
| 19:09 | Build | Archery Range |
| 19:16 | Build | Archery Range |
| 19:18 | Create | Villager (Male) |
| 19:31 | Research | Wheelbarrow |
| 19:36 | Build | Farm |
| 19:38 | Build | Farm |
| 19:40 | Build | Farm |
| 19:46 | Create | Villager (Male) |
| 20:01 | Create | Villager (Male) |
| 20:10 | Build | Farm |
| 20:19 | Create | Villager (Male) |
| 20:23 | Build | Archery Range |
| 20:35 | Build | Farm |
| 20:38 | Build | Farm |
| 20:48 | Build | Farm |
| 20:51 | Build | Farm |
| 20:53 | Create | Villager (Male) |
| 21:37 | Create | Unit 1911 |
| 21:38 | Create | Unit 1911 |
| 21:40 | Create | Villager (Male) |
| 21:47 | Create | Villager (Male) |
| 21:50 | Build | Town Center |
| 22:16 | Build | Mining Camp |
| 22:20 | Create | Unit 1911 |
| 22:20 | Create | Unit 1911 |
| 22:21 | Create | Villager (Male) |
| 22:22 | Create | Villager (Male) |
| 22:32 | Build | Farm |
| 22:37 | Create | Unit 1911 |
| 22:37 | Create | Unit 1911 |
| 22:40 | Create | Villager (Male) |
| 22:43 | Create | Villager (Male) |
| 22:54 | Research | Heavy Plow |
| 22:55 | Create | Villager (Male) |
| 23:02 | Build | House |
| 23:17 | Create | Villager (Male) |
| 23:18 | Create | Villager (Male) |
| 23:20 | Create | Villager (Male) |
| 23:22 | Create | Unit 1911 |
| 23:23 | Create | Unit 1911 |
| 23:25 | Create | Villager (Male) |
| 23:27 | Create | Villager (Male) |
| 23:51 | Create | Villager (Male) |
| 23:52 | Create | Villager (Male) |
| 23:55 | Build | Farm |
| 24:20 | Build | Siege Workshop |
| 24:37 | Build | Farm |
| 24:38 | Build | Farm |
| 25:01 | Create | Villager (Male) |
| 25:02 | Create | Villager (Male) |
| 25:03 | Create | Villager (Male) |
| 25:10 | Build | Mining Camp |
| 25:14 | Build | Farm |
| 25:27 | Create | Villager (Male) |
| 25:28 | Create | Villager (Male) |
| 25:37 | Create | Villager (Male) |
| 25:40 | Build | Farm |
| 25:45 | Build | Farm |
| 25:47 | Build | Farm |
| 25:59 | Create | Villager (Male) |
| 26:09 | Create | Villager (Male) |
| 26:15 | Create | Villager (Male) |
| 26:16 | Create | Villager (Male) |
| 26:25 | Create | Villager (Male) |
| 26:33 | Build | Monastery |
| 26:39 | Create | Villager (Male) |
| 26:42 | Create | Villager (Male) |
| 26:45 | Create | Villager (Male) |
| 27:03 | Create | Villager (Male) |
| 27:15 | Research | Imperial Age |
| 27:21 | Create | Villager (Male) |
| 27:24 | Build | House |
| 27:26 | Create | Iron Pagoda |
| 27:33 | Create | Unit 1911 |
| 27:33 | Create | Unit 1911 |
| 28:07 | Create | Unit 1911 |
| 28:07 | Create | Unit 1911 |
| 28:12 | Build | House |
| 28:13 | Build | House |
| 28:15 | Create | Villager (Male) |
| 28:16 | Create | Villager (Male) |
| 28:17 | Research | Gold Mining |
| 28:18 | Create | Villager (Male) |
| 28:25 | Build | Town Center |
| 28:43 | Build | Mining Camp |
| 28:48 | Create | Unit 1911 |
| 28:49 | Create | Unit 1911 |
| 28:49 | Create | Unit 1911 |
| 29:07 | Create | Villager (Male) |
| 29:09 | Research | Hand Cart |
| 29:36 | Create | Unit 1911 |
| 29:36 | Create | Unit 1911 |
Build order —
First 150 of 452 actions detected
| 0:02 | Build | Town Center |
| 1:19 | Build | Lumber Camp |
| 1:19 | Build | Mill |
| 1:20 | Build | House |
| 1:43 | Build | Dock |
| 3:48 | Research | Tech None |
| 5:07 | Build | House |
| 6:17 | Build | House |
| 6:49 | Build | Farm |
| 7:19 | Build | Farm |
| 7:44 | Build | Farm |
| 8:02 | Build | House |
| 8:21 | Research | Tech None |
| 8:32 | Build | Mining Camp |
| 9:04 | Build | Lumber Camp |
| 9:59 | Build | Barracks |
| 10:49 | Build | Archery Range |
| 10:49 | Build | Palisade Wall |
| 11:41 | Build | Blacksmith |
| 11:50 | Research | Tech None |
| 12:07 | Build | House |
| 12:35 | Research | Tech None |
| 12:38 | Research | Tech None |
| 12:39 | Research | Tech None |
| 13:06 | Build | Stable |
| 13:20 | Build | Farm |
| 13:26 | Build | Farm |
| 13:37 | Build | Farm |
| 13:38 | Build | Farm |
| 13:44 | Build | Farm |
| 13:48 | Build | House |
| 13:53 | Build | Farm |
| 14:14 | Build | Farm |
| 14:24 | Build | Farm |
| 14:24 | Build | Farm |
| 14:56 | Research | Tech None |
| 15:04 | Create | Knight |
| 15:09 | Build | Town Center |
| 15:26 | Research | Tech None |
| 15:34 | Research | Tech None |
| 15:48 | Build | House |
| 16:05 | Create | Knight |
| 16:23 | Create | Galley |
| 16:23 | Build | Town Center |
| 16:24 | Research | Tech None |
| 16:39 | Build | Town Center |
| 16:42 | Build | House |
| 16:43 | Build | House |
| 17:03 | Build | Farm |
| 17:06 | Build | Farm |
| 17:13 | Build | Farm |
| 17:18 | Build | Farm |
| 17:40 | Research | Tech None |
| 17:59 | Build | Dock |
| 18:08 | Research | Tech None |
| 18:10 | Build | Farm |
| 18:23 | Build | Dock |
| 18:32 | Build | Farm |
| 18:43 | Build | Monastery |
| 18:54 | Build | Farm |
| 18:54 | Build | House |
| 18:57 | Build | House |
| 19:09 | Build | Market |
| 19:16 | Create | Monk |
| 19:29 | Build | Barracks |
| 19:34 | Build | House |
| 19:39 | Build | Farm |
| 19:58 | Build | Siege Workshop |
| 20:17 | Build | Farm |
| 20:18 | Research | Tech None |
| 20:19 | Build | Farm |
| 20:26 | Build | House |
| 20:26 | Build | Stone Wall |
| 20:26 | Build | Stone Wall |
| 20:26 | Build | Stone Wall |
| 20:28 | Build | Farm |
| 20:38 | Build | Farm |
| 20:43 | Build | Farm |
| 20:47 | Build | House |
| 20:48 | Build | Stone Wall |
| 20:48 | Build | Stone Wall |
| 20:48 | Build | Stone Wall |
| 20:49 | Build | Farm |
| 20:59 | Create | Scout Cavalry |
| 21:01 | Create | Mangonel |
| 21:06 | Build | Farm |
| 21:24 | Build | Lumber Camp |
| 21:30 | Build | Farm |
| 21:32 | Build | Farm |
| 21:38 | Build | Farm |
| 21:42 | Build | Farm |
| 21:44 | Research | Tech None |
| 21:45 | Research | Tech None |
| 21:45 | Build | House |
| 21:46 | Build | House |
| 22:09 | Build | Farm |
| 22:10 | Build | Farm |
| 22:20 | Build | Farm |
| 22:24 | Build | Barracks |
| 22:31 | Create | Scout Cavalry |
| 22:34 | Build | House |
| 22:34 | Build | Stone Wall |
| 22:34 | Build | Stone Wall |
| 22:34 | Build | Stone Wall |
| 22:34 | Build | Stone Wall |
| 22:36 | Build | Farm |
| 22:39 | Build | Farm |
| 22:46 | Create | Scout Cavalry |
| 22:48 | Build | Farm |
| 23:00 | Research | Tech None |
| 23:04 | Build | Farm |
| 23:08 | Build | Farm |
| 23:26 | Build | Farm |
| 23:27 | Build | Farm |
| 23:30 | Build | Farm |
| 23:35 | Build | Farm |
| 23:38 | Build | Mill |
| 23:41 | Create | Scout Cavalry |
| 23:41 | Build | Farm |
| 23:55 | Build | Farm |
| 23:56 | Create | Monk |
| 23:58 | Build | Farm |
| 24:01 | Build | Farm |
| 24:04 | Build | House |
| 24:04 | Build | House |
| 24:05 | Build | Farm |
| 24:08 | Build | Barracks |
| 24:15 | Build | Mining Camp |
| 24:23 | Build | Farm |
| 24:32 | Create | Scout Cavalry |
| 24:32 | Build | Farm |
| 24:33 | Build | Farm |
| 24:34 | Build | Farm |
| 24:42 | Create | Skirmisher |
| 24:42 | Build | Farm |
| 24:46 | Build | House |
| 24:49 | Build | Farm |
| 24:49 | Build | Farm |
| 24:57 | Build | Mill |
| 25:02 | Create | Camel Scout |
| 25:02 | Create | Skirmisher |
| 25:02 | Build | Farm |
| 25:06 | Build | Archery Range |
| 25:13 | Build | Farm |
| 25:16 | Create | Skirmisher |
| 25:16 | Build | Farm |
| 25:22 | Build | Farm |
| 25:22 | Build | House |
| 25:24 | Build | Lumber Camp |
| 25:25 | Build | House |
Build order —
First 150 of 345 actions detected
| 0:02 | Build | Town Center |
| 1:18 | Build | Mill |
| 1:18 | Build | House |
| 1:18 | Build | Dock |
| 2:41 | Build | House |
| 4:32 | Build | House |
| 5:00 | Build | Farm |
| 6:01 | Build | House |
| 6:01 | Build | Farm |
| 6:21 | Build | Lumber Camp |
| 6:36 | Build | Farm |
| 6:54 | Build | Farm |
| 7:16 | Research | Tech None |
| 7:19 | Build | House |
| 8:06 | Build | Lumber Camp |
| 8:06 | Research | Tech None |
| 8:34 | Build | Mining Camp |
| 9:19 | Build | Mining Camp |
| 10:16 | Research | Tech None |
| 10:16 | Build | Market |
| 10:17 | Research | Tech None |
| 10:39 | Build | Blacksmith |
| 11:03 | Research | Tech None |
| 11:32 | Research | Tech None |
| 11:32 | Build | House |
| 12:53 | Build | Farm |
| 14:12 | Research | Tech None |
| 14:12 | Build | Castle |
| 14:12 | Research | Tech None |
| 14:12 | Build | Town Center |
| 14:13 | Research | Tech None |
| 14:14 | Build | Town Center |
| 14:27 | Build | House |
| 14:27 | Build | House |
| 14:53 | Build | Farm |
| 14:54 | Build | Farm |
| 15:03 | Build | Farm |
| 15:12 | Research | Tech None |
| 15:18 | Build | Farm |
| 15:27 | Create | Mangudai |
| 15:42 | Research | Tech None |
| 15:57 | Build | Farm |
| 16:05 | Create | Mangudai |
| 16:28 | Research | Tech None |
| 16:36 | Build | Farm |
| 16:50 | Build | Farm |
| 16:58 | Create | Mangudai |
| 17:11 | Build | Farm |
| 17:18 | Build | Farm |
| 17:20 | Build | House |
| 17:22 | Create | Mangudai |
| 17:34 | Research | Tech None |
| 17:43 | Build | Farm |
| 17:46 | Build | House |
| 18:05 | Build | House |
| 18:10 | Build | Dock |
| 18:11 | Build | Monastery |
| 18:15 | Build | Farm |
| 18:17 | Research | Tech None |
| 18:18 | Create | Mangudai |
| 18:18 | Build | Farm |
| 18:27 | Build | Farm |
| 18:28 | Build | House |
| 18:36 | Create | Monk |
| 18:41 | Create | Mangudai |
| 18:47 | Build | Farm |
| 19:20 | Create | Mangudai |
| 19:22 | Build | House |
| 19:31 | Build | Dock |
| 19:31 | Build | Dock |
| 19:32 | Build | Dock |
| 19:33 | Build | Barracks |
| 19:37 | Create | Mangudai |
| 19:38 | Research | Tech None |
| 19:57 | Build | Dock |
| 19:57 | Build | Dock |
| 20:07 | Build | Dock |
| 20:07 | Build | Dock |
| 20:08 | Build | Dock |
| 20:08 | Build | Dock |
| 20:09 | Build | Dock |
| 20:12 | Build | House |
| 20:23 | Create | Spearman |
| 20:29 | Build | House |
| 20:33 | Build | Farm |
| 20:45 | Research | Tech None |
| 20:46 | Research | Tech None |
| 20:47 | Create | Monk |
| 20:50 | Create | Mangudai |
| 20:58 | Build | Lumber Camp |
| 21:08 | Build | Farm |
| 21:10 | Create | Mangudai |
| 21:10 | Build | Farm |
| 21:29 | Create | Mangudai |
| 21:29 | Build | Farm |
| 21:29 | Build | Farm |
| 21:32 | Create | Spearman |
| 21:41 | Build | Farm |
| 21:43 | Build | Farm |
| 21:52 | Research | Tech None |
| 21:57 | Build | Farm |
| 22:06 | Build | Farm |
| 22:07 | Build | Farm |
| 22:08 | Create | Mangudai |
| 22:08 | Build | Farm |
| 22:10 | Build | Farm |
| 22:12 | Build | Farm |
| 22:14 | Build | Farm |
| 22:18 | Build | Farm |
| 22:20 | Build | Farm |
| 22:21 | Build | Farm |
| 22:22 | Build | Farm |
| 22:24 | Build | Farm |
| 22:26 | Build | Farm |
| 22:27 | Build | Farm |
| 22:28 | Build | Farm |
| 22:30 | Build | Farm |
| 22:47 | Build | Siege Workshop |
| 22:48 | Research | Tech None |
| 23:04 | Create | Mangudai |
| 23:10 | Research | Tech None |
| 23:33 | Build | House |
| 23:39 | Research | Tech None |
| 23:46 | Create | Mangudai |
| 23:46 | Build | Farm |
| 23:50 | Build | Farm |
| 23:52 | Build | House |
| 23:53 | Build | House |
| 23:55 | Build | Farm |
| 23:57 | Build | Farm |
| 23:59 | Build | Farm |
| 24:00 | Build | Farm |
| 24:01 | Build | Farm |
| 24:02 | Create | Monk |
| 24:04 | Build | Farm |
| 24:06 | Build | Farm |
| 24:07 | Build | Farm |
| 24:08 | Build | House |
| 24:09 | Build | House |
| 24:09 | Build | Mill |
| 24:10 | Build | House |
| 24:12 | Build | House |
| 24:30 | Build | House |
| 24:31 | Build | House |
| 24:32 | Build | House |
| 24:34 | Create | Mangudai |
| 24:34 | Build | Farm |
| 24:35 | Build | House |
| 24:35 | Build | Farm |
| 24:36 | Build | House |
Match timeline
| 0:40 | xYourY · first_building Dock |
| 0:49 | Kay UwU · first_building Dock |
| 0:53 | The Apple · first_building Dock |
| 1:18 | · first_building Dock |
| 1:42 | Residual · first_building Dock |
| 1:43 | · first_building Dock |
| 2:16 | A5reiko · first_building Dock |
| 2:26 | kumo · first_building Dock |
| 7:33 | kumo · wall_segment Palisade Wall x1 |
| 7:36 | kumo · wall_segment Palisade Wall x1 |
| 9:14 | kumo · wall_segment Palisade Wall x3 |
| 9:15 | kumo · wall_segment Palisade Wall x1 |
| 9:59 | · first_building Barracks |
| 10:11 | xYourY · first_building Barracks |
| 10:44 | · first_market_sell 100 food |
| 10:49 | · first_building Archery Range |
| 11:58 | kumo · wall_segment Palisade Wall x1 |
| 11:58 | kumo · wall_segment Palisade Wall x1 |
| 12:10 | kumo · wall_segment Palisade Wall x1 |
| 12:11 | kumo · wall_segment Palisade Wall x1 |
| 12:38 | xYourY · age_up feudal |
| 12:54 | xYourY · first_building Stable |
| 13:03 | Kay UwU · age_up feudal |
| 13:06 | The Apple · age_up feudal |
| 13:06 | · first_building Stable |
| 13:13 | Residual · age_up feudal |
| 13:29 | kumo · age_up feudal |
| 13:55 | A5reiko · age_up feudal |
| 14:12 | · first_building Castle |
| 14:13 | · first_market_buy 100 stone |
| 14:34 | The Apple · wall_segment Palisade Wall x1 |
| 14:46 | kumo · first_market_sell 100 wood |
| 14:46 | kumo · first_market_buy 100 food |
| 15:40 | Kay UwU · wall_segment Palisade Wall x1 |
| 16:25 | xYourY · age_up castle |
| 16:38 | Kay UwU · age_up castle |
| 16:40 | Kay UwU · first_building Siege Workshop |
| 16:43 | The Apple · age_up castle |
| 16:44 | Residual · age_up castle |
| 16:48 | Residual · first_building Castle |
| 16:57 | The Apple · first_building Castle |
| 17:14 | Kay UwU · first_building Barracks |
| 17:42 | kumo · age_up castle |
| 17:47 | xYourY · first_building Monastery |
| 17:53 | kumo · first_building Castle |
| 18:11 | · first_building Monastery |
| 18:13 | A5reiko · first_building Barracks |
| 18:18 | A5reiko · age_up castle |
| 18:43 | · first_building Monastery |
| 19:09 | A5reiko · first_building Archery Range |
| 19:33 | · first_building Barracks |
| 19:58 | · first_building Siege Workshop |
| 20:11 | kumo · first_building Siege Workshop |
| 21:33 | · first_market_sell 100 food |
| 22:47 | · first_building Siege Workshop |
| 24:20 | A5reiko · first_building Siege Workshop |
| 25:01 | The Apple · first_building Siege Workshop |
| 25:22 | · first_building Stable |
| 25:37 | Residual · first_market_sell 100 food |
| 26:03 | Kay UwU · wall_segment Stone Wall x10 |
| 26:04 | Kay UwU · wall_segment Stone Wall x1 |
| 26:09 | Residual · first_building Barracks |
| 26:15 | · first_building Archery Range |
| 26:28 | A5reiko · first_market_buy 100 wood |
| 26:33 | A5reiko · first_building Monastery |
| 27:05 | Residual · first_building Archery Range |
| 29:41 | Kay UwU · wall_segment Stone Wall x2 |
| 30:11 | kumo · wall_segment Palisade Wall x3 |
| 30:24 | Residual · first_market_buy 100 wood |
| 30:30 | Residual · first_building Siege Workshop |
| 30:37 | A5reiko · age_up imperial |
| 30:52 | Residual · age_up imperial |
| 30:56 | Kay UwU · wall_segment Stone Wall x1 |
| 32:25 | Kay UwU · first_market_buy 100 stone |
| 32:31 | Kay UwU · first_building Castle |
| 34:02 | A5reiko · first_building Castle |
| 34:38 | Kay UwU · age_up imperial |
| 34:52 | The Apple · first_building Barracks |
| 35:51 | xYourY · age_up imperial |
| 37:06 | kumo · first_building Barracks |
| 37:24 | The Apple · age_up imperial |
| 38:38 | · resign |
[ AI ANALYSIS · 1 CREDIT ]
What really happened in this match?
Wolo.gg analyzes every decision: build order, eco, micro, common mistakes by bracket. Personalized analysis on WhatsApp or Discord in 30 seconds.
Civ guide
Italians
Perfil
The Apple